 Dungeon Crawl Stone Soup version 0.30-a0-901-g7006a02 (webtiles) character file.

Game seed: 9696191898313133793

0 Illumine the Shield-Bearer (level 1, -1/18 HPs)
             Began as a Formicid Fighter on Mar 18, 2023.
             Slain by a gnoll
             ... wielding a +0 spear
              (4 damage)
             ... on level 1 of the Dungeon.
             The game lasted 00:00:14 (32 turns).

Illumine the Shield-Bearer (Formicid Fighter)         Turns: 32, Time: 00:00:14

Health: -1/18      AC:  6    Str: 20    XL:     1   Next: 11%
Magic:  1/1        EV:  9    Int:  7    God:
Gold:   0          SH:  5    Dex: 13    Spells: 0/0 levels left

rFire   . . .      SeeInvis +    a - +0 trident
rCold   . . .      Faith    .    c - +0 buckler
rNeg    . . .      Spirit   .    b - +0 scale mail
rPois   .          Reflect  .    (helmet unavailable)
rElec   .          Rampage  .    (no cloak)
rCorr   .                        (no gloves)
Will    .....                    (no boots) Stlth
                                 (no amulet)
HPRegen 0.23/turn                (no ring)
MPRegen 0.07/turn                (no ring)

@: mighty
A: permanent stasis, dig shafts and tunnels, antennae 3, four strong arms
a: Dig, Shaft Self


You were on level 1 of the Dungeon.
You visited 1 branch of the dungeon, and saw 1 of its levels.

Inventory:

Hand Weapons
 a - a +0 trident (weapon)
Armour
 b - a +0 scale mail (worn)
 c - a +0 buckler (worn)


   Skills:
 + Level 3.3 Fighting
 * Level 2.0 Polearms
 + Level 3.3 Armour
 + Level 4.0 Shields


You couldn't memorise any spells.
You didn't know any spells.
Your spell library was empty.

Dungeon Overview and Level Annotations

Branches:
Dungeon (1/15)

Altars:


Innate Abilities, Weirdness & Mutations

You cannot be hasted, slowed, berserked, paralysed or teleported.
You can dig through walls and to a lower floor.
You have a pair of large antennae on your head. (SInv)
Your four strong arms can wield two-handed weapons with a shield.


Message History

The gnoll hits you from afar with a +0 spear.
You closely miss the frilled lizard. The frilled lizard barely misses you.
You block the gnoll's attack.
You closely miss the frilled lizard. The frilled lizard misses you.
You block the gnoll's attack.
You closely miss the frilled lizard.
The gnoll hits you from afar with a +0 spear.
The frilled lizard misses you.
You barely miss the frilled lizard. The gnoll barely misses you.
The frilled lizard closely misses you.
You closely miss the frilled lizard.
The gnoll hits you from afar with a +0 spear.
You block the frilled lizard's attack. The gnoll barely misses you.
The frilled lizard closely misses you.
You closely miss the frilled lizard. The frilled lizard closely misses you.
The gnoll hits you from afar with a +0 spear.
You puncture the frilled lizard!
You kill the frilled lizard!
The gnoll hits you from afar with a +0 spear.
* * * LOW HITPOINT WARNING * * *
You block the gnoll's attack.
You see here a frilled lizard corpse.
You closely miss the gnoll. The gnoll hits you but does no damage.
The gnoll barely misses you.
You hit the gnoll.
The gnoll is lightly wounded.
The gnoll barely misses you.
You barely miss the gnoll.
The gnoll is lightly wounded.
The gnoll hits you but does no damage.
You hit the gnoll but do no damage.
The gnoll is lightly wounded.
The gnoll barely misses you.
You hit the gnoll but do no damage.
The gnoll is lightly wounded.
The gnoll hits you with a +0 spear.
* * * LOW HITPOINT WARNING * * *
You feel very mighty all of a sudden. The gnoll hits you with a +0 spear.
You die...

#.........##.
#...........
...........#
...........#
#..........#
..........# ###
.........#####.#
.........##....#
#.......glg@...##
.........B####..#######
.........## #....≈≈≈≈#.
#....##.?# #....≈≈≈≈≈.
...###...# #....~≈≈≈≈.
..$ ...... #....≈~≈≈≈.
.. #.##..# #..<.≈..≈≈.
#. ##.# #......≈≈≈(
#......≈≈≈.


You could see a gnoll, a giant cockroach, a hobgoblin and a frilled lizard.

Vanquished Creatures
  A frilled lizard (D:1)
1 creature vanquished.

Notes
Turn   | Place    | Note
-------+----------+-------------------------------------------
     0 | D:1      | Illumine the Formicid Fighter began the quest for the Orb.
     0 | D:1      | Reached XP level 1. HP: 18/18 MP: 1/1
    32 | D:1      | Slain by a gnoll

Illustrated notes

Levels and vault maps discovered:
D:1:      dpeg_arrival_pond, layout_rooms, shapermc_ecumenical_altar_pompeii

Action                     || total
---------------------------++-------
  Melee: Trident           ||    12
    Use: Potion            ||     1
 Armour: Scale mail        ||     3
  Dodge: Dodged            ||    13
  Block: Buckler           ||     5

Table legend: (Time is in decaauts)
 A = Elapsed time spent in this place.
 B = Non-inter-level travel time spent in this place.
 C = Inter-level travel time spent in this place.
 D = Time resting spent in this place.
 E = Time spent auto-exploring this place.
 F = Levels seen in this place.
 G = Mean time per level.
                   A        B        C        D        E       F      G
               +--------+--------+--------+--------+--------+-----+--------+
         Total |     34 |     34 |      0 |      0 |      9 |   1 |   34.0 |
       Dungeon |     34 |     34 |      0 |      0 |      9 |   1 |   34.0 |
               +--------+--------+--------+--------+--------+-----+--------+

Top non-repeatable levels by time:
     D:1: 34 daAuts
